 Dungeon Crawl Stone Soup version 0.25-a0-277-g7046ed1 (webtiles) character file.

Game seed: 10529184737847210576, levelgen mode: deterministic

192192 HungryMoth the Exorcist (level 18, 0/174 HPs)
             Began as a Troll Monk on Dec 10, 2019.
             Was an Elder of the Shining One.
             Hit by a javelin thrown by a merfolk javelineer (12 damage)
             ... on level 4 of the Shoals.
             The game lasted 01:27:37 (26318 turns).

HungryMoth the Exorcist (Troll Monk)               Turns: 26318, Time: 01:27:38

Health: 0/174      AC: 17    Str: 36    XL:     18   Next: 3%
Magic:  28/28      EV: 17    Int:  5    God:    the Shining One [****..]
Gold:   700        SH: 34    Dex: 13    Spells: 17/17 levels left

rFire    + + +     SeeInvis .   S - +8 flail "Jodacw" {flame, Int+3}
rCold    x . .     Gourm    +   a - +10 large shield of Ignorance {rN+ Int-4}
rNeg     + + +     Faith    .   V - +0 fire dragon scales
rPois    .         Spirit   .   (helmet restricted)
rElec    .         Reflect  +   F - +0 cloak of the Chupacabra {rF++ Str+3}
rCorr    .         Harm     .   (gloves unavailable)
MR       ++...                  (boots unavailable)
Stlth    ..........             Z - +4 amulet of reflection
HPRegen  0.79/turn              g - +4 ring of strength
MPRegen  0.21/turn              i - +5 ring of evasion

@: glowing, very slow
A: large, unfitting armour, claws 3, fast metabolism 3, gourmand, magic
resistance 1, regeneration 1, shaggy fur 1, tough skin 3
a: Divine Shield, Cleansing Flame, Renounce Religion


You were on level 4 of the Shoals.
You worshipped the Shining One.
The Shining One was greatly pleased with you.
You were completely stuffed.

You visited 4 branches of the dungeon, and saw 27 of its levels.
You also visited: Ice Cave and Volcano.

You collected 3233 gold pieces.
You spent 2533 gold pieces at shops.

Inventory:

Hand Weapons
 S - the +8 flail "Jodacw" (weapon) {flame, Int+3}
   (You found it on level 14 of the Dungeon)

   It has been specially enchanted to burn those struck by it, causing extra
   injury to most foes and up to half again as much damage against particularly
   susceptible opponents.
   It affects your intelligence (+3).
Armour
 a - the +10 large shield of Ignorance (worn) {rN+ Int-4}
   (You found it on level 2 of the Orcish Mines)

   It affects your intelligence (-4).
   It protects you from negative energy.
 o - +0 ice dragon scales
 F - the +0 cloak of the Chupacabra (worn) {rF++ Str+3}
   (You found it on level 9 of the Dungeon)

   It affects your strength (+3).
   It greatly protects you from fire.
 V - +0 fire dragon scales (worn)
Jewellery
 g - a +4 ring of strength (left claw)
 i - a +5 ring of evasion (right claw)
 H - an uncursed ring of protection from cold
 J - an uncursed ring of protection from cold
 Z - a +4 amulet of reflection (around neck)
Wands
 n - a wand of acid (11)
 w - a wand of iceblast (55)
 z - a wand of flame (30)
 B - a wand of digging (22)
 I - a wand of polymorph (7)
 N - a wand of disintegration (37)
 T - a wand of scattershot (3)
Scrolls
 d - 7 scrolls of fear
 f - 6 scrolls of amnesia
 h - 6 scrolls of magic mapping
 k - 18 scrolls of teleportation
 l - 5 scrolls of enchant weapon
 t - 14 scrolls of remove curse
 u - a scroll of vulnerability
 E - 6 scrolls of blinking
 K - a scroll of acquirement {unknown}
 M - a scroll of holy word
 O - 4 scrolls of silence
 P - 9 scrolls of identify
 Q - 7 scrolls of immolation
 R - a scroll of fog
Potions
 b - a potion of lignification
 j - 5 potions of flight
 m - 9 potions of curing
 p - 6 potions of mutation
 q - 2 potions of agility
 r - 3 potions of haste
 v - 2 potions of cancellation
 C - a potion of brilliance
 D - 3 potions of ambrosia
 U - 4 potions of resistance
 W - a potion of magic
 X - 3 potions of might
 Y - a potion of berserk rage
Comestibles
 c - 61 rations
 L - 7 chunks of flesh


   Skills:
 + Level 10.0 Fighting
 - Level 14.0 Maces & Flails
 - Level 11.0 Armour
 + Level 10.0 Dodging
 - Level 1.0 Stealth
 - Level 9.0 Shields
 - Level 15.0 Invocations


You had 17 spell levels left.
You didn't know any spells.
Your spell library contained the following spells:

 Spells                   Type           Power        Failure   Level  Hunger
 Corona                   Hex            #......      98%         1    ##.....
 Magic Dart               Conj           #...         98%         1    ##.....
 Ensorcelled Hibernation  Hex/Ice        #.....       99%         2    ###....
 Passwall                 Tmut/Erth      #.......     99%         2    ###....
 Searing Ray              Conj           #.....       99%         2    ###....
 Swiftness                Chrm/Air       #.......     99%         2    ###....
 Confuse                  Hex            #.......     100%        3    ####...
 Dazzling Flash           Conj/Hex       #.....       100%        3    ####...
 Tukima's Dance           Hex            #.......     100%        3    ####...
 Fulminant Prism          Conj/Hex       #.........   100%        4    #####..
 Ice Form                 Ice/Tmut       #.......     100%        4    #####..
 Iskenderun's Mystic Bla  Conj/Tloc      #.......     100%        4    #####..
 Leda's Liquefaction      Hex/Erth       #.........   100%        4    #####..
 Passage of Golubria      Tloc           N/A          100%        4    #####..
 Petrify                  Tmut/Erth      #.......     100%        4    #####..
 Bolt of Magma            Conj/Fire/Erth #.........   100%        5    ######.
 Irradiate                Conj/Tmut      #.........   100%        5    ######.
 Lee's Rapid Deconstruct  Erth           #.........   100%        5    ######.
 Metabolic Englaciation   Hex/Ice        #.........   100%        5    ######.
 Darkness                 Hex            #.........   100%        6    #######
 Eringya's Noxious Bog    Tmut/Pois      #.........   100%        6    #######
 Freezing Cloud           Conj/Ice/Air   #.........   100%        6    #######
 Invisibility             Hex            #.......     100%        6    #######
 Iron Shot                Conj/Erth      #.........   100%        6    #######
 Ozocubu's Refrigeration  Ice            #.........   100%        6    #######
 Simulacrum               Ice/Necr       #.........   100%        6    #######
 Statue Form              Tmut/Erth      #........    100%        6    #######
 Shatter                  Erth           #.........   100%        9    #######


Dungeon Overview and Level Annotations

Branches:
Dungeon (15/15)            Temple (0/1) D:7            Lair (6/6) D:10
 Shoals (4/4) Lair:3       Spider (0/4) Lair:2        Slime (0/5) Lair:5
    Orc (2/2) D:10            Elf (0/3) Orc:2        Vaults (0/5) D:14
 Depths (0/5) D:15          IceCv (visited)         Volcano (visited)

Altars:
Cheibriados
Dithmenos
Fedhas
Gozag
Hepliaklqana
Makhleb
Nemelex Xobeh
Okawaru
Ru
Sif Muna
Trog
Xom
Zin
The Shining One
Beogh
Jiyva

Shops:
D:4 (   D:5 ?   D:8 *?   D:12 (   D:13 !   Orc:2 [??=

Annotations:
Lair:3 exclusion: 4 oklob plants
Orc:2 1 runed translucent door, exclusions: door and orange crystal statue


Innate Abilities, Weirdness & Mutations

You are too large for most types of armour.
You have claws for hands.
Your metabolism is lightning-fast.
You like to eat raw meat.
Your natural rate of healing is unusually fast.
You are covered in fur. (AC +1)
You have extremely tough skin. (AC +3)
You are resistant to hostile enchantments. (MR+)


Message History

You feel invigorated.
The merfolk javelineer throws a javelin.
The javelin closely misses you.
You hear a splash.
You bump into the rock wall.
The merfolk javelineer throws a javelin.
The javelin pierces through you!
* * * LOW HITPOINT WARNING * * *
You hear a splash.
You bump into the rock wall.
The merfolk javelineer throws a javelin.
The javelin pierces through you!!
* * * LOW HITPOINT WARNING * * *
You hear a splash.
You nearly stumble into some deep water!
You feel less invigorated.
You feel less confused.
The merfolk javelineer throws a javelin.
The javelin pierces through you!
You die...

≈≈≈≈≈≈≈≈≈≈≈≈≈)≈≈≈≈≈≈≈≈≈≈
≈≈≈≈≈≈≈...##t##≈≈≈≈≈≈≈≈≈
≈≈≈≈≈≈...##.mm##≈≈≈≈≈≈≈≈
≈≈≈≈≈≈...#..m.≈#≈≈≈≈≈≈≈≈
≈≈≈≈≈....#..m..#≈≈≈≈≈≈≈≈≈
≈≈≈≈≈..).#.....#≈≈≈≈≈≈≈≈≈≈
≈≈≈≈.....##...##≈≈≈≈≈≈≈≈≈≈≈
≈≈≈≈≈.....#####≈≈≈≈≈≈≈≈≈≈≈≈≈
≈≈≈≈.......m@≈≈≈)≈(≈≈≈≈≈≈≈≈≈≈
≈≈≈≈≈≈....≈≈≈≈≈≈≈≈≈≈≈≈≈≈≈≈≈≈≈
≈≈≈≈≈≈≈≈≈≈≈≈≈))..≈≈≈≈≈≈≈≈≈≈≈≈
≈≈≈≈≈≈≈≈≈≈≈≈≈....((≈≈≈≈≈≈≈≈≈≈
≈≈≈≈≈≈≈≈≈≈≈≈...##.(≈≈≈≈≈≈≈≈≈#
≈≈≈≈≈≈≈≈≈≈...###≈≈≈≈≈≈≈≈≈≈.#
≈≈≈≈≈≈≈.......≈≈≈≈≈≈≈≈≈≈≈.÷
≈≈≈≈≈........≈≈≈)≈.≈≈≈≈≈.#
≈≈≈≈≈≈...###..≈≈≈≈.≈≈≈≈≈.#


You could see a merfolk javelineer.

Vanquished Creatures
  Polyphemus (Shoals:2)
  Ilsuiw (Shoals:2)
  A frost giant (IceCv)
  Louise (Shoals:2)
  3 merfolk javelineers
  A fire dragon (D:12)
  7 merfolk impalers
  A death knight (D:15)
  2 rakshasas (D:15)
  3 merfolk avatars (Shoals:4)
  3 alligator snapping turtles
  2 catoblepae
  A queen ant (Lair:3)
  A dancing weapon (Lair:4)
  2 tengu warriors
  2 satyrs
  5 two-headed ogres
  5 centaur warriors
  8 merfolk aquamancers
  A deep troll shaman (Lair:6)
  The ghost of relicbr the Slicer, a journeyman VSEn of Dithmenos (Lair:4)
  10 death yaks
  6 orc high priests (Orc:2)
  A sun demon (Volcano)
  A fire crab (shapeshifter) (D:13)
  13 sea snakes
  3 unseen horrors
  A flayed ghost (D:14)
  A glowing orange brain (D:15)
  A wizard (D:14)
  A deep elf archer (Orc:2)
  A lindwurm (Lair:6)
  A phantasmal warrior (D:15)
  13 harpies
  7 orc knights
  An orc sorcerer (Volcano)
  3 deep elf magi
  10 fauns
  7 cyclopes
  11 ugly things
  25 elephants
  14 manticores
  2 black mambas
  An ice statue (IceCv)
  6 water nymphs
  3 gargoyles (D:12)
  3 torpor snails
  10 merfolk sirens
  9 spiny frogs
  A rime drake (Lair:4)
  8 komodo dragons
  A red devil (Volcano)
  A queen bee (shapeshifter) (D:13)
  9 trolls
  4 wind drakes
  20 merfolk
  2 hornets
  21 polar bears
  12 blink frogs
  8 snapping turtles
  2 dream sheep (Shoals:1)
  8 hippogriffs
  4 slime creatures (D:15)
  4 wraiths
  A human (D:8)
  6 water elementals
  56 yaks
  2 vampires
  6 fire bats (Volcano)
  6 wyverns
  A fire elemental (D:14)
  3 hogs (D:8)
  2 hungry ghosts
  3 vampire mosquitoes (D:13)
  Grum (D:9)
  5 soldier ants (Lair:3)
  An acid dragon (D:13)
  Menkaure (D:5)
  15 water moccasins
  10 porcupines
  4 ice beasts
  3 black bears
  An eye of draining (D:15)
  A phantom (D:8)
  2 sky beasts (D:12)
  38 orc warriors
  13 centaurs
  24 wolves
  4 boggarts (D:14)
  16 ogres
  8 crocodiles
  A big kobold (D:9)
  18 bullfrogs
  A gnoll sergeant (D:12)
  A wyvern zombie (D:8)
  5 scorpions
  5 wights (D:11)
  18 killer bees
  2 vampire bats (Lair:4)
  3 howler monkeys
  3 electric eels
  6 lava snakes (Volcano)
  8 crimson imps
  2 quasits (D:11)
  5 centaur zombies
  A jelly (D:12)
  3 bullfrog zombies
  6 centaur skeletons
  2 hounds
  43 orc priests
  3 bullfrog skeletons
  5 iguanas
  27 orc wizards
  26 worker ants
  A killer bee zombie (D:9)
  A hound skeleton (D:9)
  12 gnolls
  A howler monkey skeleton (D:2)
  14 adders
  8 shadow imps
  An ooze (D:3)
  An adder zombie (D:7)
  An adder skeleton (D:4)
  2 worms
  A dart slug (D:2)
  10 leopard geckos
  107 orcs
  6 giant cockroaches
  11 goblins
  6 hobgoblins
  3 jackals (D:2)
  7 quokkas
  A ball python (D:8)
  9 bats
  4 frilled lizards
  5 kobolds
  A leopard gecko skeleton (D:4)
  A quokka skeleton (D:6)
  8 rats
  A fire vortex (D:14)
  2 plants (Lair:2)
974 creatures vanquished.

Vanquished Creatures (collateral kills)
  The ghost of DankestMemes the Frost Mage, a journeyman BaIE of Vehumet (Orc:2)
  A centaur warrior (Orc:2)
  A skeletal warrior (D:14)
  An orc knight (D:14)
  An orc warrior (Orc:2)
5 creatures vanquished.

Vanquished Creatures (others)
  A harpy (Shoals:3)
  A faun (Shoals:1)
  2 cyclopes (Shoals:4)
  A merfolk (Shoals:1)
  A polar bear (IceCv)
  A redback (shapeshifter) (D:15)
  A centaur (Shoals:3)
  A fire vortex (D:14)
  4 fungi
  7 plants
20 creatures vanquished.

Grand Total: 999 creatures vanquished

Notes
Turn   | Place    | Note
-------+----------+-------------------------------------------
     0 | D:1      | HungryMoth the Troll Monk began the quest for the Orb.
     0 | D:1      | Reached XP level 1. HP: 22/22 MP: 0/0
   250 | D:1      | Reached XP level 2. HP: 27/29 MP: 1/1
   370 | D:1      | Found a glowing golden altar of the Shining One.
   393 | D:1      | Became a worshipper of the Shining One
   393 | D:1      | Reached * piety under the Shining One
   393 | D:1      | Reached ** piety under the Shining One
   916 | D:2      | Reached XP level 3. HP: 36/36 MP: 2/2
  1170 | D:2      | Found a shimmering blue altar of Sif Muna.
  1187 | D:2      | Found a burning altar of Makhleb.
  1187 | D:2      | Found a snail-covered altar of Cheibriados.
  1187 | D:2      | Found a sacrificial altar of Ru.
  1187 | D:2      | Found a glowing silver altar of Zin.
  1191 | D:2      | Found a hazy altar of Hepliaklqana.
  1691 | D:3      | Reached XP level 4. HP: 33/45 MP: 3/3
  2024 | D:3      | Reached skill level 1 in Invocations
  2107 | D:3      | Found a sparkling altar of Nemelex Xobeh.
  2307 | D:3      | Reached XP level 5. HP: 47/53 MP: 4/4
  2444 | D:3      | Found an opulent altar of Gozag.
  2840 | D:4      | Reached skill level 2 in Invocations
  2844 | D:4      | Reached XP level 6. HP: 60/61 MP: 6/6
  3373 | D:4      | Found Raetoq's Weapon Boutique.
  3517 | D:5      | Entered Level 5 of the Dungeon
  3545 | D:5      | Reached *** piety under the Shining One
  3557 | D:5      | Reached XP level 7. HP: 70/70 MP: 8/8
  3801 | D:5      | Reached skill level 3 in Invocations
  3925 | D:5      | Found Boss's Magic Scroll Boutique.
  3934 | D:5      | Bought a scroll of amnesia for 38 gold pieces
  3934 | D:5      | Bought a scroll of enchant armour for 82 gold pieces
  3934 | D:5      | Bought a scroll of identify for 22 gold pieces
  3934 | D:5      | Bought a scroll of fear for 38 gold pieces
  3934 | D:5      | Bought a scroll of identify for 22 gold pieces
  3934 | D:5      | Bought a scroll of remove curse for 33 gold pieces
  3934 | D:5      | Bought a scroll of identify for 22 gold pieces
  3934 | D:5      | Bought a scroll of remove curse for 33 gold pieces
  4115 | D:5      | Noticed Menkaure
  4118 | D:5      | Killed Menkaure
  4287 | D:6      | Reached skill level 5 in Maces & Flails
  4394 | D:6      | Reached XP level 8. HP: 72/79 MP: 5/9
  4505 | D:6      | Reached skill level 4 in Invocations
  4528 | D:6      | Noticed a hippogriff
  4540 | D:6      | Killed a hippogriff
  4540 | D:6      | Reached skill level 5 in Fighting
  4540 | D:6      | Reached skill level 5 in Dodging
  4634 | D:6      | Found a shadowy altar of Dithmenos.
  4877 | D:7      | Found a hazy altar of Hepliaklqana.
  4958 | D:7      | Found a staircase to the Ecumenical Temple.
  5651 | D:8      | Noticed a hornet
  5663 | D:8      | Paralysed by a hornet for 3 turns
  5671 | D:8      | Killed a hornet
  5671 | D:8      | Reached skill level 5 in Invocations
  5671 | D:8      | Reached XP level 9. HP: 23/88 MP: 11/11
  6049 | D:8      | Noticed a tengu warrior
  6086 | D:8      | Reached **** piety under the Shining One
  6152 | D:8      | Killed a tengu warrior
  6152 | D:8      | Reached skill level 6 in Invocations
  6428 | D:8      | Reached XP level 10. HP: 69/100 MP: 13/13
  6511 | D:8      | Found Tunlita's Magic Scroll Shop.
  6520 | D:8      | Bought a scroll of blinking for 90 gold pieces
  6520 | D:8      | Bought a scroll of teleportation for 36 gold pieces
  6520 | D:8      | Bought a scroll of random uselessness for 12 gold pieces
  6657 | D:8      | Found Ler Lici's Assorted Antiques.
  6754 | D:9      | Got a polished cloak
  6765 | D:9      | Identified the +0 cloak of the Chupacabra {rF++ Str+3} (You
                  | found it on level 9 of the Dungeon)
  7312 | D:9      | Noticed Grum
  7338 | D:9      | Killed Grum
  7568 | D:9      | Reached skill level 7 in Invocations
  7843 | D:9      | Paralysed by a hornet for 2 turns
  8016 | D:10     | Entered Level 10 of the Dungeon
  8204 | D:10     | Found a staircase to the Orcish Mines.
  8259 | D:10     | Found a roughly hewn altar of Beogh.
  8260 | D:10     | Identified the Almanac of Changing and Toxins
  8395 | D:10     | Reached XP level 11. HP: 107/109 MP: 15/15
  8571 | D:10     | Reached skill level 1 in Shields
  8783 | D:10     | Found a staircase to the Lair.
  8923 | D:11     | Noticed an unseen horror
  8936 | D:11     | Killed an unseen horror
  9130 | D:11     | Noticed a two-headed ogre
  9137 | D:11     | Killed a two-headed ogre
  9137 | D:11     | Reached skill level 8 in Invocations
  9672 | D:11     | Noticed an unseen horror
  9701 | D:11     | Killed an unseen horror
  9861 | D:12     | Noticed a two-headed ogre
  9898 | D:12     | Killed a two-headed ogre
  9898 | D:12     | Noticed a deep elf mage
  9915 | D:12     | Killed a deep elf mage
 10069 | D:12     | Reached XP level 12. HP: 100/122 MP: 17/17
 10074 | D:12     | Found Fubef's Antique Weapon Emporium.
 10296 | D:12     | Found a blossoming altar of Fedhas.
 10524 | D:12     | Noticed a fire dragon
 10545 | D:12     | Killed a fire dragon
 10799 | D:13     | Reached skill level 9 in Invocations
 10842 | D:13     | Found Zemef's Distillery.
 10845 | D:13     | Bought a potion of might for 60 gold pieces
 10845 | D:13     | Bought a potion of berserk rage for 75 gold pieces
 10845 | D:13     | Bought a potion of degeneration for 15 gold pieces
 10845 | D:13     | Bought a potion of haste for 150 gold pieces
 10845 | D:13     | Bought a potion of resistance for 150 gold pieces
 10853 | D:13     | Noticed a centaur warrior
 10866 | D:13     | Killed a centaur warrior
 10885 | D:13     | Reached skill level 1 in Armour
 11062 | D:13     | Noticed a two-headed ogre
 11070 | D:13     | Killed a two-headed ogre
 11328 | D:13     | Reached skill level 10 in Maces & Flails
 11563 | D:14     | Got a brightly glowing flail
 11564 | D:14     | Identified the +8 flail "Jodacw" {flame, Int+3} (You found
                  | it on level 14 of the Dungeon)
 11573 | D:14     | Reached ***** piety under the Shining One
 11590 | D:14     | Reached skill level 5 in Shields
 11977 | D:14     | Identified the cursed +1 robe of the Equator {rC+ Dex+3}
                  | (You found it on level 14 of the Dungeon)
 12006 | D:14     | Noticed a centaur warrior
 12017 | D:14     | Killed a centaur warrior
 12017 | D:14     | Reached XP level 13. HP: 105/131 MP: 19/19
 12304 | D:14     | Found a gate to the Vaults.
 12403 | D:15     | Entered Level 15 of the Dungeon
 12591 | D:15     | Found a frozen archway.
 12611 | IceCv    | Entered an ice cave
 12828 | IceCv    | Reached skill level 10 in Invocations
 13169 | IceCv    | Noticed a frost giant
 13194 | IceCv    | Killed a frost giant
 13568 | D:15     | Reached skill level 10 in Fighting
 13568 | D:15     | Reached skill level 10 in Dodging
 13639 | D:14     | HP: 5/133 [skeletal warrior/+2 whip of draining[a death
                  | knight] (2)]
 13847 | D:15     | Reached skill level 5 in Armour
 13874 | D:14     | Reached XP level 14. HP: 104/143 MP: 20/20
 14353 | D:15     | Found a staircase to the Depths.
 14483 | Lair:1   | Entered Level 1 of the Lair of Beasts
 14617 | Lair:1   | Found a dark tunnel.
 14656 | Volcano  | Entered a volcano
 14900 | Volcano  | Found a burning altar of Makhleb.
 14938 | Volcano  | Found a bloodstained altar of Trog.
 15625 | Lair:2   | Found a hole to the Spider Nest.
 16976 | Lair:3   | Found a staircase to the Shoals.
 17775 | Lair:4   | Found a runed translucent door.
 17776 | Lair:4   | Found a shimmering altar of Xom.
 17776 | Lair:4   | Noticed relicbr's ghost (journeyman VSEn)
 17806 | Lair:4   | Killed relicbr's ghost
 18326 | Lair:5   | Reached XP level 15. HP: 140/149 MP: 21/21
 18736 | Lair:5   | Found a staircase to the Slime Pits.
 18736 | Lair:5   | Found a viscous altar of Jiyva.
 19147 | Lair:6   | Entered Level 6 of the Lair of Beasts
 20614 | Orc:1    | Entered Level 1 of the Orcish Mines
 20614 | Orc:1    | Found a bloodstained altar of Trog.
 20828 | Orc:2    | Entered Level 2 of the Orcish Mines
 21172 | Orc:2    | Found a runed translucent gate.
 21172 | Orc:2    | Found a runed translucent gate.
 21172 | Orc:2    | Found a runed translucent gate.
 21173 | Orc:2    | Noticed DankestMemes's ghost (journeyman BaIE)
 21182 | Orc:2    | Found an iron altar of Okawaru.
 21201 | Orc:2    | Killed DankestMemes's ghost
 21423 | Orc:2    | Found a staircase to the Elven Halls.
 21501 | Orc:2    | Found the +10 large shield of Ignorance {rN+ Int-4}
 21507 | Orc:2    | Found a runed translucent door.
 21516 | Orc:2    | Gained mutation: You are resistant to hostile enchantments.
                  | (MR+) [a neqoxec]
 21551 | Orc:2    | Found a runed translucent door.
 21630 | Orc:2    | Reached ****** piety under the Shining One
 22150 | Orc:2    | Found Zuchuamp's Antique Armour Emporium.
 22153 | Orc:2    | Found Vairots's Jewellery Emporium.
 22155 | Orc:2    | Found Bun Zixog's Magic Scroll Emporium.
 22156 | Orc:2    | Found Varphedang's Magic Scroll Shoppe.
 22160 | Orc:2    | Bought a +5 ring of evasion for 660 gold pieces
 22160 | Orc:2    | Bought a +4 amulet of reflection for 324 gold pieces
 22179 | Orc:2    | Reached skill level 10 in Armour
 22179 | Orc:2    | Reached XP level 16. HP: 158/158 MP: 21/23
 22244 | Orc:2    | Bought a scroll of blinking for 105 gold pieces
 22244 | Orc:2    | Bought a scroll of blinking for 105 gold pieces
 22244 | Orc:2    | Bought a scroll of teleportation for 42 gold pieces
 22244 | Orc:2    | Bought a scroll of silence for 105 gold pieces
 22249 | Orc:2    | Bought a scroll of teleportation for 45 gold pieces
 22249 | Orc:2    | Bought a scroll of teleportation for 45 gold pieces
 22249 | Orc:2    | Bought a scroll of holy word for 112 gold pieces
 22249 | Orc:2    | Bought a scroll of blinking for 112 gold pieces
 22430 | Shoals:1 | Entered Level 1 of the Shoals
 22506 | Shoals:1 | Reached skill level 11 in Invocations
 22627 | Shoals:1 | Reached XP level 17. HP: 148/166 MP: 24/24
 23243 | Shoals:2 | Noticed Louise
 23264 | Shoals:2 | Killed Louise
 23365 | Shoals:2 | Noticed Polyphemus
 23392 | Shoals:2 | The Shining One protects you from harm!
 23394 | Shoals:2 | Killed Polyphemus
 23759 | Shoals:2 | Reached skill level 12 in Invocations
 23771 | Shoals:2 | Noticed Ilsuiw
 23799 | Shoals:2 | Killed Ilsuiw
 24629 | Shoals:3 | Reached skill level 13 in Invocations
 25043 | Shoals:4 | Entered Level 4 of the Shoals
 25268 | Shoals:4 | Identified the +6 mace of Objectivity {crush, rC++} (You
                  | found it on level 4 of the Shoals)
 25427 | Shoals:4 | Reached skill level 14 in Invocations
 26035 | Shoals:4 | Got a slimy copper ring
 26037 | Shoals:4 | Identified the ring "Seido" {+Fly Dex+2} (You found it on
                  | level 4 of the Shoals)
 26262 | Shoals:4 | Reached XP level 18. HP: 94/174 MP: 28/28
 26262 | Shoals:4 | Reached skill level 15 in Invocations
 26312 | Shoals:4 | HP: 8/174 [merfolk javelineer/javelin (24)]
 26317 | Shoals:4 | HP: 6/174 [merfolk javelineer/javelin (21)]
 26318 | Shoals:4 | Hit by a javelin thrown by a merfolk javelineer

Levels and vault maps discovered:
D:1:      psy_arrival_statuary, layout_basic, minmay_misc_feat_rows,
          tso_metal_star
D:2:      layout_loops_corners, minitemple
D:3:      corexii_shack_village, layout_basic,
          nicolae_gozag_cash_rules_everything_around_me, nemelex_altar_shiori,
          nrook_mini_backslash, minmay_misc_feat_alley
D:4:      layout_cave_pods, serial_shops, kennysheep_mini_moat,
          kennysheep_generic_room_13
D:5:      minmay_angry_zag, layout_cave_pools, serial_shops,
          nicolae_shop_competitors_out_of_business, first_ration, uniq_menkaure
D:6:      layout_cave_pools, old_standard_altar
D:7:      layout_loops_corners, minmay_temple_entry_poolview, basic_altar
D:8:      minmay_clustersquares, layout_loops_cross, serial_shops,
          kennysheep_mini, shop, grunt_livestock, serial_bayou_crossing
D:9:      layout_basic, eino_jars, uniq_grum
D:10:     layout_loops_cross, grunt_lair_entry_orc_guard_hut,
          minmay_orc_entry_temple_small
D:11:     layout_roguey [special_room_orc]
D:12:     dragon1_lemuel, layout_cave_pools, serial_shops, shop, hex_medium,
          solitary_fountain, fedhas_altar_3
D:13:     layout_basic, serial_shops, nicolae_shop_behind_doors
D:14:     layout_big_octagon, david_vaults_4
D:15:     gammafunk_enter_depths_forms, layout_cave_pools,
          hangedman_decor_riveting, portal_ice_cave_entry_pillars_2
Lair:1:   layout_chaotic_city, nicolae_volcano_entry_s_turn,
          cheibrodos_lair_reptile_den
Lair:2:   layout_regular_city, dummy_spider_entry, grunt_megastairs_3,
          serial_bayou_shore_a
Lair:3:   layout_small_grid, elwin_shoals_entry_rooms,
          grunt_forest_small_clearings, chequers_serial_rivers_marsh,
          minmay_another_anthill, minmay_lair_oklob_chamber
Lair:4:   layout_gridlike, ebering_ghost_xom, roderic_batcave,
          grunt_megastairs_2
Lair:5:   layout_cave_pods, slime_altar_1
Lair:6:   grunt_lair_end_beastmaster, layout_regular_city
Shoals:1: layout_shoals
Shoals:2: layout_shoals, uniq_louise, uniq_ilsuiw, uniq_polyphemus
Shoals:3: layout_shoals
Shoals:4: shoals_end_simple, layout_shoals, nicolae_shoals_aquamancer_cove
Orc:1:    layout_caves, basic_altar
Orc:2:    st_orc_pillars, layout_diamond_mine, gammafunk_ghost_fury_of_okawaru,
          chequers_guarded_unrand_ignorance

Skill      XL: |  1  2  3  4  5  6  7  8  9 10 11 12 13 14 15 16 17 18 |
---------------+-------------------------------------------------------+-----
Maces & Flails | 3 4 5 6 7 8 9 10 11 12 14 | 14.0
Fighting       | 3 4 5 6 7 8 9 10 | 10.0
Dodging        | 3 4 5 6 7 8 9 10 | 10.0
Invocations    | 1 2 3 5 6 7 8 9 10 11 14 15 | 15.0
Shields        | 3 5 6 8 9 |  9.0
Armour         | 2 5 7 10 11 | 11.0
Stealth        | |  1.0

Action                   |  1- 3 |  4- 6 |  7- 9 | 10-12 | 13-15 | 16-18 || total
-------------------------+-------+-------+-------+-------+-------+-------++-------
Melee: Mace              |    98 |   152 |   373 |   518 |       |       ||  1141
       Flail             |       |       |       |   456 |  1468 |   630 ||  2554
Invok: Divine Shield     |       |       |     8 |    15 |    23 |    10 ||    56
       Cleansing Flame   |       |       |       |     7 |    18 |     6 ||    31
       Summon Divine War |       |       |       |       |     2 |       ||     2
Evoke: Wand              |       |       |       |       |     2 |     2 ||     4
  Use: Scroll            |       |       |     5 |     4 |    21 |     2 ||    32
       Potion            |       |       |     5 |     1 |    11 |     2 ||    19
  Eat: Chunk             |    21 |    18 |    37 |    49 |   109 |    42 ||   276
Armor: Robe              |    41 |    53 |   183 |   172 |       |       ||   449
       Troll leather arm |       |       |       |    81 |       |       ||    81
       Fire dragon scale |       |       |       |    94 |   402 |   120 ||   616
Dodge: Dodged            |    58 |    82 |   260 |   504 |   490 |   211 ||  1605
Block: Other             |       |       |    59 |    37 |       |       ||    96
       Shield            |       |       |       |   570 |  1220 |       ||  1790
       Large shield      |       |       |       |       |   261 |  1000 ||  1261
       Reflection        |       |       |       |       |       |    77 ||    77

Table legend:
 A = Non-vault XP
 B = Vault XP
 C = Vault XP percentage of total XP
 D = Non-vault monster count
 E = Vault monster count
 F = Vault count percentage of total count
                 A         B        C        D         E       F
            +---------+---------+-------+---------+---------+-------
      Total |  131065 |  100786 |  43.5 |     632 |     351 |  35.7
            +---------+---------+-------+---------+---------+-------
        D:1 |      22 |       0 |   0.0 |      14 |       0 |   0.0
        D:2 |      65 |       0 |   0.0 |      15 |       0 |   0.0
        D:3 |     142 |      30 |  17.4 |      33 |      13 |  28.3
        D:4 |     400 |      79 |  16.5 |      14 |       2 |  12.5
        D:5 |     250 |     175 |  41.2 |      10 |       5 |  33.3
        D:6 |     920 |       0 |   0.0 |      27 |       0 |   0.0
        D:7 |     441 |       0 |   0.0 |      11 |       0 |   0.0
        D:8 |    1050 |    2506 |  70.5 |      22 |      15 |  40.5
        D:9 |    1785 |    1136 |  38.9 |      25 |      13 |  34.2
       D:10 |    2383 |     897 |  27.3 |      24 |      14 |  36.8
       D:11 |    5940 |    1062 |  15.2 |      38 |      27 |  41.5
       D:12 |    5538 |    1049 |  15.9 |      40 |       1 |   2.4
       D:13 |    7333 |       0 |   0.0 |      28 |       0 |   0.0
       D:14 |   10748 |     759 |   6.6 |      34 |       2 |   5.6
       D:15 |    9424 |    5570 |  37.1 |      31 |      11 |  26.2
     Lair:1 |    5432 |     676 |  11.1 |      19 |       2 |   9.5
     Lair:2 |    3351 |     794 |  19.2 |      17 |       4 |  19.0
     Lair:3 |    4086 |    2211 |  35.1 |      18 |      20 |  52.6
     Lair:4 |    3954 |    2243 |  36.2 |      19 |      12 |  38.7
     Lair:5 |    3464 |       0 |   0.0 |      13 |       0 |   0.0
     Lair:6 |   15434 |    9600 |  38.3 |      45 |      18 |  28.6
   Shoals:1 |   14133 |       0 |   0.0 |      29 |       0 |   0.0
   Shoals:2 |    7771 |   12012 |  60.7 |      15 |      11 |  42.3
   Shoals:3 |   16174 |       0 |   0.0 |      33 |       0 |   0.0
   Shoals:4 |    7635 |   26068 |  77.3 |      15 |      40 |  72.7
      Orc:1 |    1075 |       0 |   0.0 |      22 |       0 |   0.0
      Orc:2 |    2115 |   15072 |  87.7 |      21 |      68 |  76.4
      IceCv |       0 |   13454 | 100.0 |       0 |      54 | 100.0
    Volcano |       0 |    5393 | 100.0 |       0 |      19 | 100.0
            +---------+---------+-------+---------+---------+-------
